 Dungeon Crawl Stone Soup version 0.23.1 (webtiles) character file.

Game seed: 2714984784905675542

88 glosham the Cudgeler (level 4, -7/35 HPs)
             Began as a Formicid Chaos Knight on Mar 2, 2019.
             Was a Plaything of Xom.
             Mangled by a gnoll
             ... wielding a +0 spear
              (9 damage)
             ... on level 7 of the Dungeon.
             The game lasted 00:02:50 (59 turns).

glosham the Cudgeler (Formicid Chaos Knight)          Turns: 59, Time: 00:02:51

Health: -7/35      AC:  5    Str: 18    XL:     4   Next: 81%
Magic:  4/4        EV: 16    Int: 16    God:    Xom [..*...]
Gold:   12         SH:  0    Dex: 15    Spells: 3/3 levels left

rFire    . . .     SeeInvis +   a - +0 mace (chaos)
rCold    . . .     Gourm    .   (no shield)
rNeg     . . .     Faith    .   b - +2 leather armour
rPois    .         Spirit   .   (helmet unavailable)
rElec    .         Reflect  .   (no cloak)
rCorr    .         Harm     .   (no gloves)
MR       .....                  (no boots)
Stlth    ++........             (no amulet)
HPRegen  0.11/turn              (no ring)
MPRegen  0.09/turn              (no ring)

@: brilliant, agile
A: permanent stasis, dig shafts and tunnels, four strong arms, antennae 3
a: Dig, Shaft Self, Renounce Religion


You were on level 7 of the Dungeon.
You worshipped Xom.
You were a toy of Xom.
You were not hungry.

You visited 1 branch of the dungeon, and saw 5 of its levels.

You collected 12 gold pieces.

Inventory:

Hand Weapons
 a - a +0 mace of chaos (weapon)
Armour
 b - a +2 leather armour (worn)
Comestibles
 c - a chunk of flesh
 e - a ration


   Skills:
 - Level 3.2 Fighting
 * Level 5.2 Maces & Flails
 - Level 2.1 Armour
 - Level 0.8 Dodging


You had 3 spell levels left.
You didn't know any spells.
Your spell library was empty.

Dungeon Overview and Level Annotations

Branches:
Dungeon (8/15)
 Temple: D:4-7         Lair: D:8-11

Altars:
Uskayaw


Innate Abilities, Weirdness & Mutations

You cannot be hasted, slowed, berserked, paralysed or teleported.
You can dig through walls and to a lower floor.
Your four strong arms can wield two-handed weapons with a shield.
You have a pair of large antennae on your head. (SInv)


Message History

* * * LOW HITPOINT WARNING * * *
The bullfrog completely misses you.
You hit the bullfrog. Lightning courses through the bullfrog!
You kill the bullfrog!
Your Maces & Flails skill increases to level 5!
You have reached level 4!
You feel stronger.
You see here a bullfrog corpse.
You butcher the bullfrog corpse.
Things that are here:
a chunk of flesh; a bullfrog skeleton
c - a chunk of flesh You see here 12 gold pieces.
You now have 12 gold pieces.
Are you sure you want to shaft yourself?
You feel quite a bit more hungry. A shaft appears beneath you!
You fall through a shaft!
The shaft crumbles and collapses.
You hear the hiss of flowing sand.
There is an entrance to an ossuary on this level.
Hurry and find it before the portal is buried! 5 orcs, a centaur and a cyclops come into view.
The orc shouts!
The cyclops shouts!
The centaur shouts!
The orc wizard shouts!
The orc shouts!
The orc priest shouts!
Found a fuming dark potion.
Found two stone staircases leading up.
There is a stone staircase leading up here.
The cyclops throws a large rock.
The large rock closely misses you. The orc barely misses you.
You climb upwards.
The gnoll shaman shouts! 3 gnolls come into view. "Go forth and cause havoc, mortal!"
You feel clever all of a sudden.
The gnoll shouts! x2
The gnoll shaman misses you. The gnoll barely misses you.
The gnoll shaman hits you with a +0 club.
* * * LOW HITPOINT WARNING * * *
The gnoll hits you from afar with a +0 spear!
You die...
Xom howls with laughter!

## #. ##.##
#.o.####
#gg@o..#
....g.g.##.#
######.## #.
#. #.. #.
#.. #. #..
.. #.#


You could see a gnoll shaman, an orc wizard, 3 gnolls and an orc.

Vanquished Creatures
  A bullfrog (D:7)
  A worker ant (D:4)
2 creatures vanquished.

Notes
Turn   | Place    | Note
-------+----------+-------------------------------------------
     0 | D:1      | glosham the Formicid Chaos Knight began the quest for the
                  | Orb.
     0 | D:1      | Reached XP level 1. HP: 18/18 MP: 1/1
     3 | D:1      | You fall through a shaft!
     6 | D:2      | You fall through a shaft for 2 floors!
     6 | D:4      | Found a hide-covered altar of Uskayaw.
     7 | D:4      | Noticed an orc priest
    12 | D:4      | Noticed a worker ant
    13 | D:4      | XOM: potion effect (agility)
    31 | D:4      | Noticed an ogre
    32 | D:4      | Killed a worker ant
    32 | D:4      | Reached skill level 4 in Maces & Flails
    32 | D:4      | Reached XP level 2. HP: 14/24 MP: 2/2
    32 | D:4      | Reached XP level 3. HP: 17/29 MP: 3/3
    35 | D:4      | You fall through a shaft for 3 floors!
    35 | D:7      | Noticed a bullfrog
    44 | D:7      | Killed a bullfrog
    44 | D:7      | Reached skill level 5 in Maces & Flails
    44 | D:7      | Reached XP level 4. HP: 5/35 MP: 4/4
    56 | D:7      | You fall through a shaft!
    56 | D:8      | Noticed a centaur
    56 | D:8      | Noticed a cyclops
    59 | D:7      | XOM: potion effect (brilliance)
    59 | D:7      | HP: 2/35 [gnoll shaman/+0 club (5)]
    59 | D:7      | Mangled by a gnoll

Skill      XL: |  1  2  3 |
---------------+----------+-----
Maces & Flails | 4 5 |  5.2
Fighting       | |  3.2
Armour         | |  2.1
Dodging        | |  0.8

Action                   |  1- 3 |  4- 6 || total
-------------------------+-------+-------++-------
Melee: Mace              |    12 |       ||    12
 Abil: Shaft Self        |     3 |     1 ||     4
 Stab: Sleeping          |     1 |       ||     1
Armor: Leather armour    |     1 |       ||     1
Dodge: Dodged            |    12 |     4 ||    16

Table legend:
 A = Turns spent in this place as a percentage of turns spent in the entire game.
 B = Non-inter-level travel turns spent in this place as a percentage of non-inter-level travel turns spent in the entire game.
 C = Inter-level travel turns spent in this place as a percentage of turns spent in this place.
 D = Turns resting spent in this place as a percentage of non-inter-level travel turns spent in this place.
 E = Turns spent auto-exploring this place as a percentage of non-inter-level travel turns spent in this place.
 F = Non-inter-level travel turns spent in this place divided by the number of levels of this place that you've seen.
                   A       B       C       D       E      F
               +-------+-------+-------+-------+-------+----------------------
         Total | 100.0 | 100.0 |   0.0 |   0.0 |   0.0 |  11.8
       Dungeon | 100.0 | 100.0 |   0.0 |   0.0 |   0.0 |  11.8
               +-------+-------+-------+-------+-------+----------------------

Table legend:
 A = Kills in this place as a percentage of kills in entire the game.
 B = Kills by you in this place as a percentage of kills by you in the entire game.
 C = Kills by friends in this place as a percentage of kills by friends in the entire game.
 D = Other kills in this place as a percentage of other kills in the entire game.
 E = Experience gained in this place as a percentage of experience gained in the entire game.
 F = Experience gained in this place divided by the number of levels of this place that you have seen.
                   A       B       C       D       E      F
               +-------+-------+-------+-------+-------+----------------------
         Total | 100.0 | 100.0 |   N/A |   N/A | 100.0 |  25.2
       Dungeon | 100.0 | 100.0 |   N/A |   N/A | 100.0 |  25.2
               +-------+-------+-------+-------+-------+----------------------

Levels and vault maps discovered:
D:1:      eino_arrival_water_cross, layout_basic
D:2:      layout_basic, grunt_temple_overflow_open, serial_co_window_serial,
          co_window_corner_a, co_window_of_opportunity_a,
          co_window_of_opportunity_a, co_window_of_opportunity_a,
          co_window_of_opportunity_a, co_window_of_opportunity_a,
          co_window_corner_a, co_window_unsneaky_path_d,
          co_window_of_opportunity_b, co_window_corner_b,
          co_window_of_opportunity_b, co_window_unsneaky_path_b,
          co_window_unsneaky_path_b, co_window_corner_ca, co_window_4corner_b,
          glass_columns_b, glass_columns_a, glass_columns_c, glass_columns_a,
          glass_columns_a
D:4:      layout_loops_ring, kennysheep_mini, eat_drink_and_be_merry_uskayaw,
          vehumet_statue, nicolae_ru_awakened_eye, portal_sewer_entry_f
D:7:      layout_loops_ring, serial_shops, shop
D:8:      kennysheep_big_flooded_room, layout_rooms, lightli_temple_of_fire,
          nicolae_overflow_hidden_temple, lemuel_mausoleum_altar_yredelemnul,
          gup_ossuary_entry_pyramid, hangedman_ranch [blue_anna_fruit_fields],
          minmay_fire_ice_demons, uniq_maurice, uniq_joseph
